Map: Abyssal Reef LE

Players

KeLevRa

  • Race: Terran Terran
  • Spawn Location: 11:00

A.I. 1 (Hard)

  • Race: Terran Terran
  • Spawn Location: 5:00

VOD

Have the link to the VOD?

Description

Time

  • Played on: April 18, 2017, 3:09 p.m.
  • Length: 16:45
Show
View Real Time Build Order
Export as new Build Order

KeLevRa Terran 

Build Orders: Cyclone Opening, Reaper Expand, MMM Bio 

Get SALT Encoding   

  1  0:00  SCV x12, Orbital Command  
    0:10  SCV  
  13  0:22  SCV  
  13  0:28  Supply Depot  
  14  0:36  Refinery  
  14  0:38  SCV  
  15  0:50  SCV  
  15  0:56  Barracks  
  16  1:02  SCV  
  17  1:14  SCV  
  18  1:29  SCV  
  19  1:32  Terran Ship Weapons Level 3, Terran Vehicle Armor Level 3, Zerg Missile Weapons Level 3, Protoss Shields Level 3, Protoss Air Weapons Level 3, Zerg Melee Weapons Level 3, Terran Infantry Weapons Level 3, Zerg Ground Armor Level 3, Terran Ship Armor Level 3, Protoss Air Armor Level 3, Zerg Flyer Weapons Level 3, Terran Infantry Armor Level 3, Zerg Flyer Armor Level 3, Protoss Ground Weapons Level 3, Terran Vehicle Weapons Level 3, Protoss Ground Armor Level 3  
  19  1:42  Orbital Command  
  19  1:44  Reaper  
  20  1:53  Terran Infantry Weapons Level 2, Protoss Air Weapons Level 2, Zerg Flyer Armor Level 2, Zerg Ground Armor Level 2, Terran Infantry Armor Level 2, Zerg Flyer Weapons Level 2, Protoss Shields Level 2, Protoss Ground Weapons Level 2, Terran Vehicle Weapons Level 2, Protoss Ground Armor Level 2, Protoss Air Armor Level 2, Terran Ship Weapons Level 2, Zerg Melee Weapons Level 2, Terran Vehicle Armor Level 2, Zerg Missile Weapons Level 2, Terran Ship Armor Level 2  
  20  1:55  Command Center  
  20  2:06  Factory  
  20  2:08  Stimpack, Blink  
  20  2:09  SCV  
  20  2:15  Terran Ship Armor Level 1, Refinery, Terran Vehicle Weapons Level 1, Protoss Ground Weapons Level 1, Zerg Flyer Armor Level 1, Terran Infantry Weapons Level 1, Protoss Air Weapons Level 1, Zerg Ground Armor Level 1, Protoss Air Armor Level 1, Protoss Shields Level 1, Zerg Missile Weapons Level 1, Zerg Flyer Weapons Level 1, Zerg Melee Weapons Level 1, Protoss Ground Armor Level 1, Terran Infantry Armor Level 1, Warp Gate, Terran Ship Weapons Level 1, Terran Vehicle Armor Level 1  
  21  2:19  Barracks Reactor  
  21  2:21  SCV  
  22  2:29  Supply Depot, Charge, Resonating Glaives, Building Armor, Extended Thermal Lance  
  22  2:33  SCV  
  22  2:36  Adrenal Glands, Ventral Sacs  
  23  2:42  Enduring Locusts  
  23  2:43  Personal Cloaking  
  23  2:49  Psionic Storm  
  23  2:50  Neural Parasite, Combat Shields, SCV, Chitinous Plating, Neosteel Frame, Durable Materials, Metabolic Boost, Infernal Pre-Igniter, Cloaking Field, Centrifical Hooks, Glial Reconstitution, Corvid Reactor, Tunneling Claws  
  23  2:51  Cyclone  
  27  2:57  Marine x2  
  29  2:58  Burrow, Muscular Augments x2  
  29  3:03  SCV  
  30  3:07  Orbital Command  
  30  3:12  Moebius Reactor, Graviton Catapult, Behemoth Reactor, Observer Gravitic Boosters, Caduceus Reactor, Gravitic Drive, Hi-Sec Auto Tracking, Pathogen Glands  
  30  3:14  Starport  
  30  3:15  SCV  
  30  3:18  Marine x2  
  33  3:24  Factory Tech Lab  
  33  3:26  Concussive Shells, Weapon Refit, Pneumatized Carapace  
  33  3:27  SCV  
  35  3:34  SCV  
  35  3:39  Marine x2  
  37  3:42  SCV  
  37  3:47  SCV  
  42  3:48  Refinery  
  46  4:05  Barracks  
  46  4:09  Unknown x5  
  46  4:12  SCV x12  
    4:24  SCV, Unknown  
  13  4:36  SCV  
  14  4:42  Supply Depot  
  14  4:48  Refinery  
  14  4:52  SCV  
  15  5:04  SCV  
  16  5:11  Barracks  
  16  5:16  SCV  
  17  5:29  SCV  
  18  5:41  SCV  
  19  5:58  Orbital Command  
  19  5:59  Reaper  
  20  6:09  Command Center  
  20  6:23  Factory  
  20  6:24  SCV  
  21  6:29  Refinery  
  21  6:33  Barracks Reactor  
  21  6:38  SCV  
  22  6:44  Supply Depot  
  22  6:50  SCV  
  23  7:06  SCV  
  24  7:08  Cyclone  
  24  7:11  Marine x2  
  29  7:21  Orbital Command  
  29  7:22  SCV  
  30  7:30  Starport  
  30  7:31  Marine x2  
  32  7:37  SCV  
  32  7:41  Factory Tech Lab  
  33  7:45  Refinery  
  33  7:47  SCV  
  33  7:49  Marine  
  33  7:50  Marine  
  36  7:51  SCV  
  36  7:57  Supply Depot  
  37  8:02  Siege Tank  
  37  8:05  SCV  
  41  8:08  SCV  
  42  8:15  Viking  
  42  8:18  SCV  
  42  8:19  Barracks Tech Lab  
  45  8:25  Barracks  
  45  8:28  SCV  
  45  8:33  SCV  
  47  8:36  Barracks  
  47  8:41  Stimpack  
  47  8:42  SCV  
  48  8:49  SCV  
  48  8:50  Engineering Bay  
  48  8:51  Starport Reactor  
  49  8:57  SCV  
  49  9:01  Supply Depot, Marine  
  51  9:05  SCV  
  52  9:12  SCV  
  52  9:13  Marine  
  52  9:17  Terran Infantry Weapons Level 1  
  54  9:22  Refinery, Marine  
  54  9:23  Siege Tank  
  59  9:25  Supply Depot  
  59  9:31  Supply Depot  
  59  9:35  SCV x2  
  60  9:39  Starport Reactor  
  60  9:40  Marine x2  
  62  9:47  Marine x3  
  62  9:49  Supply Depot  
  62  9:51  SCV  
  66  9:53  SCV  
  66  9:55  Siege Tank  
  70  10:03  SCV  
  71  10:12  SCV  
  71  10:13  Marine x2  
  71  10:14  Marine x3  
  75  10:17  Command Center  
  75  10:21  Medivac  
  79  10:22  Medivac  
  79  10:23  SCV  
  79  10:28  Siege Tank  
  85  10:30  SCV  
  85  10:34  Supply Depot  
  86  10:42  Supply Depot  
  86  10:47  Combat Shields  
  86  10:56  Medivac x2, Marine x2, SCV x2  
  94  10:58  Supply Depot  
  94  11:03  Marine x3, Siege Tank  
  100  11:11  Terran Infantry Armor Level 1  
  99  11:18  Marine x2  
  99  11:20  SCV  
  99  11:21  Marine  
  99  11:22  SCV  
  99  11:24  Supply Depot  
  102  11:26  Marine  
  102  11:27  Marine  
  102  11:30  Medivac x2  
  108  11:34  Orbital Command  
  108  11:35  Siege Tank  
  108  11:36  SCV x2, Marine  
  114  11:41  Marine x2  
  114  11:44  Marine x2  
  118  11:50  Armory  
  118  11:52  Engineering Bay  
  118  11:53  SCV  
  119  11:54  SCV  
  119  11:55  Supply Depot  
  119  11:56  Marine  
  119  11:59  Marine  
  122  12:01  SCV  
  122  12:03  Marine  
  122  12:05  SCV  
  122  12:08  Medivac, Siege Tank  
  130  12:09  Medivac  
  130  12:11  SCV  
  133  12:16  SCV  
  133  12:18  Supply Depot, Marine  
  133  12:19  Supply Depot, Marine x2  
  133  12:20  Marine  
  138  12:22  Marine  
  138  12:23  SCV  
  140  12:31  Supply Depot  
  140  12:37  Terran Infantry Weapons Level 2  
  140  12:39  Terran Vehicle Weapons Level 1  
  140  12:42  Marine x5  
  140  12:43  Supply Depot, SCV  
  146  12:45  Viking  
  146  12:47  Viking  
  146  12:48  SCV  
  151  12:51  SCV  
  151  12:56  SCV  
  151  12:57  Siege Tank  
  156  12:59  Marine  
  156  13:00  Marine  
  156  13:02  Marine x3  
  161  13:06  SCV  
  161  13:08  Terran Infantry Armor Level 2  
  161  13:09  Barracks  
  161  13:10  Supply Depot  
  161  13:11  SCV  
  163  13:15  Supply Depot  
  163  13:17  Marine  
  163  13:18  Viking  
  166  13:21  Marine x2  
  166  13:22  Marine  
  166  13:25  Viking  
  166  13:26  SCV  
  173  13:32  SCV, Siege Tank  
  173  13:33  Supply Depot  
  177  13:34  SCV  
  177  13:35  Marine  
  177  13:39  Marine x2  
  177  13:41  SCV  
  181  13:45  Marine  
  181  13:47  Supply Depot  
  183  13:48  Refinery  
  183  13:50  Viking, Refinery  
  183  13:51  SCV  
  183  13:52  SCV  
  183  13:53  Marine  
  183  13:55  Viking  
  190  13:57  Marine x2, Barracks Reactor  
  190  14:00  Barracks x2, SCV  
  193  14:03  SCV, Marine  
  193  14:04  Siege Tank  
  193  14:07  Supply Depot  
  193  14:08  Marine  
  198  14:11  Marine  
  198  14:15  Marine  
  200  14:47  Barracks Reactor x2  
  200  14:51  Barracks  
  200  14:52  Barracks  
  199  15:05  Marine  
  199  15:37  Marine  
Show
View Real Time Build Order
Export as new Build Order

A.I. 1 (Hard) Terran 

Build Orders: Command Center First (CC), MMM Bio, Banshee Rush 

Get SALT Encoding   

  1  0:00  SCV x12  
    0:09  Unknown  
    0:10  SCV  
  13  0:22  SCV  
  14  0:28  Supply Depot  
  14  0:34  SCV  
  15  0:50  SCV  
  16  1:02  SCV  
  17  1:14  SCV  
  17  1:16  Command Center  
  18  1:25  Barracks  
  18  1:30  Refinery  
  18  1:32  Terran Ship Weapons Level 3, Terran Vehicle Armor Level 3, Zerg Missile Weapons Level 3, Protoss Shields Level 3, Protoss Air Weapons Level 3, Zerg Melee Weapons Level 3, Terran Infantry Weapons Level 3, Zerg Ground Armor Level 3, Terran Ship Armor Level 3, Protoss Air Armor Level 3, Zerg Flyer Weapons Level 3, Terran Infantry Armor Level 3, Zerg Flyer Armor Level 3, Protoss Ground Weapons Level 3, Terran Vehicle Weapons Level 3, Protoss Ground Armor Level 3  
  18  1:33  SCV  
  19  1:47  Supply Depot  
  19  1:51  SCV  
  19  1:53  Terran Infantry Weapons Level 2, Protoss Air Weapons Level 2, Zerg Flyer Armor Level 2, Zerg Ground Armor Level 2, Terran Infantry Armor Level 2, Zerg Flyer Weapons Level 2, Protoss Shields Level 2, Protoss Ground Weapons Level 2, Terran Vehicle Weapons Level 2, Protoss Ground Armor Level 2, Protoss Air Armor Level 2, Terran Ship Weapons Level 2, Zerg Melee Weapons Level 2, Terran Vehicle Armor Level 2, Zerg Missile Weapons Level 2, Terran Ship Armor Level 2  
  20  2:05  Barracks  
  20  2:08  Stimpack, Blink  
  20  2:12  Marine  
  20  2:13  Refinery  
  21  2:15  Terran Ship Armor Level 1, Zerg Ground Armor Level 1, Protoss Ground Weapons Level 1, Terran Vehicle Weapons Level 1, Zerg Flyer Armor Level 1, Terran Infantry Weapons Level 1, Protoss Air Weapons Level 1, Protoss Air Armor Level 1, Protoss Shields Level 1, Zerg Missile Weapons Level 1, Zerg Flyer Weapons Level 1, Zerg Melee Weapons Level 1, Protoss Ground Armor Level 1, Terran Infantry Armor Level 1, Warp Gate, Terran Ship Weapons Level 1, Terran Vehicle Armor Level 1  
  21  2:29  Charge, Resonating Glaives, Building Armor, Extended Thermal Lance  
  21  2:31  Barracks Tech Lab  
  21  2:36  Adrenal Glands, Ventral Sacs  
  21  2:42  Enduring Locusts  
  21  2:43  Personal Cloaking  
  21  2:49  Psionic Storm, Marauder  
  21  2:50  Neural Parasite, Combat Shields, Chitinous Plating, Neosteel Frame, Durable Materials, Metabolic Boost, Infernal Pre-Igniter, Cloaking Field, Centrifical Hooks, Glial Reconstitution, Corvid Reactor, Tunneling Claws  
  23  2:57  Marine  
  24  2:58  Burrow, Muscular Augments x2  
  24  3:10  Marine  
  25  3:12  Moebius Reactor, Graviton Catapult, Behemoth Reactor, Observer Gravitic Boosters, Caduceus Reactor, Gravitic Drive, Hi-Sec Auto Tracking, Pathogen Glands  
  25  3:14  Marine  
  26  3:26  Concussive Shells, Weapon Refit, Pneumatized Carapace  
  26  3:28  Marine  
  26  3:32  Supply Depot, Marine  
  28  3:41  SCV  
  29  3:45  SCV  
  29  3:46  Marauder  
  32  3:53  SCV  
  35  4:09  Unknown x5  
  37  4:12  SCV x12  
    4:24  SCV, Unknown  
  13  4:37  SCV  
  14  4:44  Supply Depot  
  14  4:49  SCV  
  15  5:06  SCV  
  16  5:18  SCV  
  16  5:19  Barracks  
  17  5:30  SCV  
  18  5:45  Command Center  
  18  5:52  Refinery  
  18  5:55  SCV  
  19  6:05  Marine  
  19  6:09  Supply Depot  
  20  6:16  Refinery  
  20  6:23  Marine  
  21  6:33  SCV  
  22  6:44  Supply Depot, Marine  
  22  6:46  SCV  
  24  6:58  SCV  
  24  6:59  SCV  
  26  7:03  Barracks Tech Lab  
  26  7:11  SCV x2  
  28  7:23  SCV  
  28  7:24  Barracks, Marauder  
  31  7:43  Factory  
  31  8:11  Barracks Tech Lab  
  31  8:17  SCV  
  31  8:26  Marine  
  32  8:34  Marine  
  33  8:44  Marine  
  34  8:52  Marauder  
  34  8:53  Stimpack  
  36  9:01  Combat Shields  
  38  9:03  Marauder  
  38  9:17  Marine  
  39  9:24  Marine  
  39  9:31  Engineering Bay  
  40  9:35  Marine  
  41  9:42  Marine  
  42  9:52  Marine  
  42  9:58  Terran Infantry Weapons Level 1  
  43  10:00  Marauder  
  43  10:03  Supply Depot  
  43  10:04  Factory Tech Lab  
  45  10:11  Marauder  
  47  10:20  Concussive Shells  
  47  10:22  Marauder  
  47  10:24  Ghost Academy  
  49  10:32  Marine  
  49  10:34  Widow Mine  
  52  10:39  Supply Depot  
  52  10:54  Ghost  
  54  11:14  Siege Tank  
  36  11:19  Marine  
  36  11:25  Marine  
  38  11:31  Missile Turret  
  38  11:37  Marine  
  38  11:38  Missile Turret  
  39  11:43  Marine  
  39  11:45  Widow Mine  
  42  11:55  Marine  
  42  12:01  Marine  
  44  12:13  Marine  
  45  13:18  Ghost  
  47  13:35  Bunker  
  47  13:36  Missile Turret  
  47  13:55  Missile Turret  
  47  13:56  Siege Tank  
  47  13:57  Supply Depot  
  50  14:16  Bunker  
  50  14:26  Supply Depot  
  50  14:27  Widow Mine  
  52  14:47  Marine  
  52  14:51  Marine  
  54  14:56  Widow Mine  
  40  15:00  Supply Depot  
  40  15:03  Armory  
  40  15:05  Marine  
  33  15:09  Marine  
  34  15:23  Marine  
  34  15:27  Marine  
  36  15:41  Marine  
  37  15:45  Marauder  
  38  15:58  Marine  
Tags
 
Add a new tag
Caveats
  • Supply blocks, unpowered buildings, or Contaminate may cause inaccurate times.
  • Supply counts are checked every 10 seconds.